 Dungeon Crawl Stone Soup version 0.28-a0-563-gf77a47075d (webtiles) character file.

Game seed: 1293627228687516666

42 avis the Chopper (level 3, -1/33 HPs)
             Began as a Hill Orc Monk on Oct 1, 2021.
             Succumbed to a scorpion's poison
             ... on level 2 of the Dungeon.
             The game lasted 00:06:37 (1401 turns).

avis the Chopper (Hill Orc Monk)                    Turns: 1401, Time: 00:06:37

Health: -1/33      AC:  2    Str: 14    XL:     3   Next: 56%
Magic:  3/3        EV: 12    Int: 10    God:
Gold:   45         SH:  0    Dex: 13    Spells: 2/2 levels left

rFire   . . .      SeeInvis .   a - +0 hand axe
rCold   . . .      Faith    .   (no shield)
rNeg    . . .      Spirit   .   b - +0 robe
rPois   .          Reflect  .   (no helmet)
rElec   .          Harm     .   (no cloak)
rCorr   .          Rampage  .   (no gloves)
Will    .....                   (no boots)
Stlth   ++........              (no amulet)
HPRegen 0.11/turn               (no ring)
MPRegen 0.08/turn               (no ring)

@: lethally poisoned (-1 -> -11), attractive
A: no striking features
a: no special abilities


You were on level 2 of the Dungeon.
You visited 1 branch of the dungeon, and saw 2 of its levels.

You collected 45 gold pieces.

Inventory:

Hand Weapons
 a - a +0 hand axe (weapon)
Missiles
 g - 5 stones (quivered)
 i - 22 arrows
Armour
 b - a +0 robe (worn)
Scrolls
 f - a scroll of identify {unknown}
 h - a scroll of brand weapon {unknown}
 m - a scroll of vulnerability {unknown}
Potions
 d - a potion of haste {unknown}
 e - a potion of degeneration {unknown}
 j - a potion of mutation {unknown}
 k - a potion of invisibility {unknown}
 l - a potion of lignification {unknown}


   Skills:
 + Level 4.2 Fighting
 * Level 5.4 Axes
 - Level 2.4 Dodging
 - Level 1.5 Stealth


You had 2 spell levels left.
You didn't know any spells.
Your spell library was empty.

Dungeon Overview and Level Annotations

Branches:
Dungeon (2/15)

Altars:

Shops:
D:1 =*:

Annotations:
D:2 exclusions: adder and iguana


Message History

Found a robe.
m - a scroll labelled ZEG VELAUNLOAQ A scorpion comes into view.
An endoplasm comes into view.
The endoplasm quivers.
You see here a ball python corpse.
You hit the scorpion.
The scorpion is lightly wounded.
The scorpion stings you!
You hit the scorpion.
The scorpion is moderately wounded.
The scorpion misses you. The scorpion stings you.
You are poisoned.
The scorpion poisons you!
You hit the scorpion.
The scorpion is moderately wounded.
You feel very sick. The scorpion closely misses you.
You hit the scorpion but do no damage.
The scorpion is moderately wounded.
You feel sick.
The scorpion stings you but does no damage.
You hit the scorpion.
The scorpion is heavily wounded.
You feel sick. The scorpion barely misses you.
You hit the scorpion.
The scorpion is heavily wounded.
You feel sick. The scorpion stings you.
You hit the scorpion but do no damage.
The scorpion is heavily wounded.
You feel sick. The scorpion closely misses you. The scorpion barely misses you.
You barely miss the scorpion.
The scorpion is heavily wounded.
You feel sick. The scorpion stings you!
* * * LOW HITPOINT WARNING * * *
You are more poisoned.
The scorpion poisons you!
It was a potion of attraction.
You feel attractive to monsters.
You die...

.....>...........#
######.##...####..
# #.###.## #.#
######.###.# #.#
....#...##.#####.#
###........<.....#
# ###...##.#####.#
# ##.###.# #.# #
#†# #.# #@# # #.#
#.# #s# #
#.###.#####J# #
#...........# #
#####.###.### #
#.###.## #J##†..##
#.#.###.## #..##
##.#


You could see a scorpion and an endoplasm.

Vanquished Creatures
  A worm (D:2)
  2 bats (D:1)
  6 endoplasms
  2 giant cockroaches (D:1)
  6 goblins (D:1)
  2 hobgoblins (D:1)
  4 kobolds (D:1)
  A quokka (D:1)
  6 ball pythons
  2 frilled lizards
  5 rats
37 creatures vanquished.

Notes
Turn   | Place    | Note
-------+----------+-------------------------------------------
     0 | D:1      | avis the Hill Orc Monk began the quest for the Orb.
     0 | D:1      | Reached XP level 1. HP: 19/19 MP: 1/1
    22 | D:1      | Found Bamnommiph's Weapon Emporium.
    96 | D:1      | Reached XP level 2. HP: 26/27 MP: 2/2
   397 | D:1      | Reached skill level 5 in Axes
   410 | D:1      | Reached XP level 3. HP: 13/33 MP: 3/3
   715 | D:1      | Found Pic Aguoq's Book Shop.
   765 | D:1      | Found Bupar's Jewellery Boutique.
  1133 | D:1      | Found Leucun's General Store.
  1365 | D:2      | Noticed a scorpion
  1400 | D:2      | HP: 1/33 [scorpion (8)]
  1401 | D:2      | Succumbed to a scorpion's poison

Illustrated notes

Levels and vault maps discovered:
D:1:      nzn_arrival_depleted_hourglass, layout_rooms, serial_shops, shop,
          nicolae_shop_statue_plus, shop, shop
D:2:      layout_loops_ring

Skill      XL: |  1  2 |
---------------+-------+-----
Fighting       | 4 |  4.2
Axes           | 5 |  5.4
Dodging        | |  2.4
Stealth        | |  1.5

Action                   || total
-------------------------++-------
Melee: Hand axe          ||   108
  Use: Potion            ||     1
 Stab: Sleeping          ||     4
Armor: Robe              ||    12
Dodge: Dodged            ||    53

Table legend: (Time is in decaauts)
 A = Elapsed time spent in this place.
 B = Non-inter-level travel time spent in this place.
 C = Inter-level travel time spent in this place.
 D = Time resting spent in this place.
 E = Time spent auto-exploring this place.
 F = Levels seen in this place.
 G = Mean time per level.
                   A        B        C        D        E       F      G
               +--------+--------+--------+--------+--------+-----+--------+
         Total |   1407 |   1358 |     49 |    648 |    350 |   2 |  703.5 |
       Dungeon |   1407 |   1358 |     49 |    648 |    350 |   2 |  703.5 |
               +--------+--------+--------+--------+--------+-----+--------+

Top non-repeatable levels by time:
     D:1: 1246 daAuts
     D:2: 161 daAuts
